General information
- name: BNet
- type: Ladder team game (AT/RT)
- host: Battle.net
- saver: EGGYOLKKID
map: TwilightRuins
- players: 8
- length: 60:15
- speed: Fast
- version: 1.26 W3XP
- replay type: Public
» download(257 KB)
Players
team 1 (loser)
4got10 (
pink | 43 APM | 2593 actions | 59:49)
5 Dark Ranger
3 Black Arrow
2 Life Drain
3 Death Knight
2 Death Coil
1 Unholy Aura
» actions
| Assign group hotkey | 37 | |
| Basic commands | 389 | |
| Build / train | 84 | |
| Enter build submenu | 27 | |
| Enter hero's abilities submenu | 8 | |
| Give item / drop item | 6 | |
| Remove unit from queue | 2 | |
| Right click | 488 | |
| Select / deselect | 394 | |
| Select group hotkey | 1066 | |
| Use ability | 91 | |
2593 total
» units
| Acolyte | 23 | |
| Ghoul | 4 | |
| Crypt Fiend | 5 | |
| Obsidian Statue | 4 | |
| Frost Wyrm | 5 | |
41 total
» upgrades
| Creature Attack | 3 | |
| Creature Carapace | 3 | |
| Web | 1 | |
| Burrow | 1 | |
| Freezing Breath | 1 | |
| Destroyer Form | 1 | |
10 total
» buildings
| Graveyard | 1 | |
| Crypt | 1 | |
| Ziggurat | 15 | |
| Altar of Darkness | 1 | |
| Tomb of Relics | 1 | |
| Halls of the Dead | 1 | |
| Necropolis | 1 | |
| Slaughterhouse | 1 | |
| Sacrificial Pit | 1 | |
| Black Citadel | 1 | |
| Nerubian Tower | 4 | |
| Boneyard | 2 | |
| Spirit Tower | 8 | |
38 total
» build order
00:30 Graveyard
00:33 Crypt
00:56 Ziggurat
01:06 Altar of Darkness
01:26 Ziggurat
02:08 Tomb of Relics
04:37 Ziggurat
05:24 Halls of the Dead
07:46 Necropolis
08:32 Ziggurat
08:47 Slaughterhouse
08:53 Sacrificial Pit
08:56 Black Citadel
09:23 Nerubian Tower
11:37 Boneyard
13:34 Ziggurat
13:43 Ziggurat
13:49 Ziggurat
16:52 Nerubian Tower
19:58 Ziggurat
20:02 Ziggurat
20:53 Spirit Tower
20:57 Spirit Tower
21:24 Ziggurat
21:32 Nerubian Tower
21:37 Nerubian Tower
22:28 Spirit Tower
22:28 Spirit Tower
22:28 Spirit Tower
22:28 Spirit Tower
22:29 Spirit Tower
23:38 Ziggurat
27:28 Ziggurat
42:33 Ziggurat
42:34 Ziggurat
42:37 Ziggurat
» items
| Rod of Necromancy | 1 | |
| Potion of Lesser Invulnerability | 1 | |
| Scroll of Town Portal | 1 | |
| Scroll of Protection | 1 | |
| Scroll of Healing | 1 | |
| Boots of Speed | 2 | |
| Circlet of Nobility | 1 | |
8 total
Tank_Boy (
purple | 38 APM | 2311 actions | 60:09)
7 Archmage
3 Summon Water Elemental
3 Brilliance Aura
1 Mass Teleport
» actions
| Assign group hotkey | 195 | |
| Basic commands | 227 | |
| Build / train | 122 | |
| Enter build submenu | 64 | |
| Enter hero's abilities submenu | 7 | |
| Give item / drop item | 23 | |
| Right click | 668 | |
| Select / deselect | 527 | |
| Select group hotkey | 273 | |
| Use ability | 205 | |
2311 total
» units
| Peasant | 14 | |
| Footman | 4 | |
| Goblin Shredder | 1 | |
| Gryphon Rider | 11 | |
| Goblin Sapper | 26 | |
56 total
» upgrades
| Masonry | 3 | |
| Storm Hammers | 1 | |
| Swords | 3 | |
| Armor | 4 | |
| Animal War Training | 1 | |
| Cloud | 1 | |
| Magic Sentry | 1 | |
14 total
» buildings
| Altar of Kings | 1 | |
| Barracks | 1 | |
| Farm | 10 | |
| Keep | 1 | |
| Town Hall | 4 | |
| Lumber Mill | 1 | |
| Arcane Vault | 2 | |
| Castle | 1 | |
| Scout Tower | 54 | |
| Guard Tower | 18 | |
| Gryphon Aviary | 4 | |
| Blacksmith | 2 | |
| Arcane Sanctum | 1 | |
100 total
» build order
00:49 Altar of Kings
00:51 Barracks
00:54 Farm
00:56 Farm
01:04 Farm
01:36 Farm
03:25 Keep
04:14 Town Hall
04:26 Lumber Mill
05:39 Arcane Vault
06:16 Castle
07:46 Scout Tower
07:47 Scout Tower
07:48 Scout Tower
07:49 Scout Tower
08:11 Scout Tower
08:12 Scout Tower
08:18 Guard Tower
08:20 Guard Tower
08:38 Scout Tower
09:11 Guard Tower
09:13 Guard Tower
09:14 Guard Tower
10:09 Gryphon Aviary
10:10 Gryphon Aviary
10:11 Gryphon Aviary
11:18 Gryphon Aviary
11:26 Blacksmith
11:27 Blacksmith
11:33 Farm
17:54 Farm
17:55 Farm
17:55 Farm
18:02 Farm
18:03 Farm
18:10 Scout Tower
18:11 Scout Tower
18:12 Scout Tower
18:13 Scout Tower
18:18 Scout Tower
18:19 Scout Tower
18:20 Scout Tower
18:24 Scout Tower
18:24 Scout Tower
18:26 Scout Tower
18:27 Scout Tower
18:28 Scout Tower
18:29 Scout Tower
18:41 Town Hall
18:51 Scout Tower
18:52 Scout Tower
18:53 Scout Tower
18:54 Scout Tower
18:56 Scout Tower
18:56 Scout Tower
18:57 Scout Tower
18:57 Scout Tower
18:59 Scout Tower
18:59 Scout Tower
19:00 Scout Tower
19:00 Scout Tower
19:05 Scout Tower
19:06 Scout Tower
19:13 Scout Tower
19:14 Scout Tower
19:16 Scout Tower
19:16 Scout Tower
19:41 Guard Tower
19:43 Guard Tower
19:48 Guard Tower
20:27 Guard Tower
20:30 Guard Tower
21:02 Arcane Vault
21:05 Guard Tower
21:22 Scout Tower
21:23 Scout Tower
21:24 Scout Tower
21:25 Scout Tower
21:26 Scout Tower
21:32 Scout Tower
21:39 Scout Tower
21:39 Scout Tower
21:40 Scout Tower
21:42 Scout Tower
21:48 Scout Tower
21:48 Scout Tower
21:55 Guard Tower
21:56 Guard Tower
21:58 Guard Tower
22:01 Guard Tower
22:10 Guard Tower
23:24 Guard Tower
39:33 Town Hall
40:15 Town Hall
40:18 Scout Tower
40:19 Scout Tower
40:20 Scout Tower
40:21 Scout Tower
40:51 Guard Tower
45:44 Arcane Sanctum
» items
| Scroll of Regeneration | 6 | |
| Potion of Healing | 1 | |
| Mechanical Critter | 8 | |
| Periapt of Vitality | 3 | |
| Potion of Invulnerability | 1 | |
| Staff of Teleportation | 1 | |
| Staff of Sanctuary | 3 | |
| Scroll of Town Portal | 1 | |
24 total
masterofsex (
teal | 37 APM | 1255 actions | 34:02)
8 Dreadlord
3 Sleep
3 Vampiric Aura
1 Inferno
1 Carrion Swarm
» actions
| Basic commands | 57 | |
| Build / train | 91 | |
| Enter build submenu | 24 | |
| Enter hero's abilities submenu | 8 | |
| Give item / drop item | 2 | |
| Remove unit from queue | 7 | |
| Right click | 545 | |
| Select / deselect | 449 | |
| Use ability | 72 | |
1255 total
» units
| Acolyte | 9 | |
| Ghoul | 15 | |
| Gargoyle | 12 | |
| Abomination | 4 | |
| Meatwagon | 4 | |
44 total
» upgrades
| Unholy Strength | 2 | |
| Cannibalize | 1 | |
| Unholy Armor | 3 | |
| Creature Attack | 2 | |
| Ghoul Frenzy | 1 | |
| Disease Cloud | 1 | |
| Creature Carapace | 3 | |
| Stone Form | 1 | |
14 total
» buildings
| Altar of Darkness | 1 | |
| Crypt | 1 | |
| Ziggurat | 7 | |
| Tomb of Relics | 1 | |
| Nerubian Tower | 2 | |
| Graveyard | 1 | |
| Spirit Tower | 4 | |
| Halls of the Dead | 1 | |
| Black Citadel | 1 | |
| Slaughterhouse | 2 | |
| Necropolis | 2 | |
| Sacrificial Pit | 1 | |
24 total
» build order
00:23 Altar of Darkness
00:30 Crypt
01:03 Ziggurat
01:21 Tomb of Relics
01:30 Ziggurat
02:02 Nerubian Tower
02:16 Graveyard
04:40 Spirit Tower
05:19 Ziggurat
06:41 Halls of the Dead
06:55 Spirit Tower
07:51 Ziggurat
09:05 Spirit Tower
09:11 Black Citadel
10:05 Slaughterhouse
12:54 Ziggurat
18:39 Necropolis
19:21 Ziggurat
19:22 Spirit Tower
20:00 Necropolis
20:25 Nerubian Tower
24:56 Ziggurat
25:38 Slaughterhouse
26:42 Sacrificial Pit
» items
| Rod of Necromancy | 1 | |
| Boots of Speed | 1 | |
| Potion of Healing | 2 | |
| Scroll of Town Portal | 1 | |
5 total

»
purplrainbow (
red | 15 APM | 663 actions | 43:13)
7 Death Knight
1 Death Pact
2 Death Coil
3 Unholy Aura
1 Animate Dead
» actions
| Basic commands | 7 | |
| Build / train | 64 | |
| ESC pressed | 2 | |
| Enter build submenu | 26 | |
| Enter hero's abilities submenu | 7 | |
| Give item / drop item | 1 | |
| Right click | 266 | |
| Select / deselect | 242 | |
| Use ability | 47 | |
663 total
» units
| Acolyte | 12 | |
| Ghoul | 4 | |
| Crypt Fiend | 7 | |
| Obsidian Statue | 2 | |
| Frost Wyrm | 7 | |
| Meatwagon | 4 | |
36 total
» upgrades
| Creature Attack | 3 | |
| Creature Carapace | 3 | |
| Web | 1 | |
| Freezing Breath | 1 | |
8 total
» buildings
| Crypt | 1 | |
| Altar of Darkness | 1 | |
| Ziggurat | 13 | |
| Graveyard | 1 | |
| Tomb of Relics | 1 | |
| Nerubian Tower | 3 | |
| Halls of the Dead | 1 | |
| Spirit Tower | 4 | |
| Black Citadel | 1 | |
| Slaughterhouse | 1 | |
| Sacrificial Pit | 1 | |
| Boneyard | 1 | |
29 total
» build order
00:13 Crypt
00:16 Altar of Darkness
00:23 Ziggurat
01:11 Graveyard
02:09 Ziggurat
02:13 Tomb of Relics
03:15 Nerubian Tower
04:25 Ziggurat
05:20 Halls of the Dead
05:22 Spirit Tower
08:18 Black Citadel
08:23 Ziggurat
08:31 Slaughterhouse
08:35 Sacrificial Pit
12:13 Boneyard
12:24 Ziggurat
12:26 Nerubian Tower
12:48 Ziggurat
12:51 Ziggurat
12:53 Ziggurat
13:48 Nerubian Tower
13:54 Ziggurat
14:59 Spirit Tower
17:18 Spirit Tower
18:31 Ziggurat
18:36 Ziggurat
19:35 Spirit Tower
23:38 Ziggurat
23:41 Ziggurat
» items
| Rod of Necromancy | 1 | |
| Sacrificial Skull | 1 | |
| Scroll of Town Portal | 1 | |
3 total
team 2 (winner)

»
dwevans427 (
green | 11 APM | 658 actions | 60:09)
3 Blademaster
1 Wind Walk
1 Mirror Image
1 Critical Strike
» actions
| Build / train | 52 | |
| Enter build submenu | 37 | |
| Enter hero's abilities submenu | 3 | |
| Right click | 251 | |
| Select / deselect | 242 | |
| Use ability | 73 | |
658 total
» units
| Peon | 8 | |
| Grunt | 3 | |
| Wind Rider | 6 | |
| Hippogryph | 5 | |
| Archer | 4 | |
| Druid of the Claw | 7 | |
| Chimaera | 3 | |
36 total
» upgrades
| Ranged Weapons | 3 | |
| Envenomed Spears | 1 | |
| Armor | 2 | |
| Strength of the Wild | 1 | |
| Reinforced Hides | 1 | |
8 total
» buildings
| Altar of Storms | 1 | |
| Orc Burrow | 10 | |
| Barracks | 1 | |
| Stronghold | 1 | |
| Voodoo Lounge | 1 | |
| War Mill | 1 | |
| Beastiary | 2 | |
| Fortress | 1 | |
| Chimaera Roost | 1 | |
| Ancient of Wind | 1 | |
| Moon Well | 9 | |
| Ancient Protector | 7 | |
36 total
» build order
00:10 Altar of Storms
00:51 Orc Burrow
01:46 Barracks
01:51 Orc Burrow
02:48 Orc Burrow
03:58 Stronghold
04:59 Orc Burrow
05:08 Voodoo Lounge
06:02 War Mill
07:27 Orc Burrow
07:53 Beastiary
07:55 Beastiary
08:05 Fortress
08:28 Orc Burrow
08:32 Orc Burrow
10:18 Orc Burrow
11:47 Orc Burrow
12:56 Orc Burrow
18:52 Chimaera Roost
18:57 Ancient of Wind
20:24 Moon Well
20:42 Moon Well
22:11 Ancient Protector
22:13 Ancient Protector
22:15 Ancient Protector
22:17 Ancient Protector
22:20 Ancient Protector
22:23 Ancient Protector
22:28 Ancient Protector
23:49 Moon Well
23:51 Moon Well
23:54 Moon Well
23:57 Moon Well
24:00 Moon Well
24:03 Moon Well
24:06 Moon Well
» items
| Orb of Lightning | 1 | |
| Scroll of Town Portal | 1 | |
2 total

»
wertlk (
yellow | 116 APM | 2006 actions | 17:18)
3 Demon Hunter
2 Mana Burn
1 Evasion
» actions
| Assign group hotkey | 114 | |
| Basic commands | 11 | |
| Build / train | 62 | |
| Enter build submenu | 18 | |
| Enter hero's abilities submenu | 3 | |
| Give item / drop item | 2 | |
| Remove unit from queue | 2 | |
| Right click | 903 | |
| Select / deselect | 152 | |
| Select group hotkey | 673 | |
| Use ability | 66 | |
2006 total
» units
| Wisp | 18 | |
| Archer | 5 | |
| Druid of the Claw | 4 | |
| Dryad | 9 | |
| Hippogryph | 4 | |
40 total
» upgrades
| Abolish Magic | 1 | |
| Druid of the Claw Training | 2 | |
| Strength of the Wild | 2 | |
| Reinforced Hides | 1 | |
| Mark of the Claw | 1 | |
7 total
» buildings
| Moon Well | 5 | |
| Ancient of War | 1 | |
| Altar of Elders | 1 | |
| Tree of Life | 1 | |
| Tree of Ages | 2 | |
| Hunter's Hall | 2 | |
| Tree of Eternity | 3 | |
| Ancient of Lore | 2 | |
| Ancient of Wind | 2 | |
19 total
» build order
00:23 Moon Well
00:46 Ancient of War
00:52 Altar of Elders
02:00 Moon Well
03:01 Moon Well
04:21 Tree of Life
05:20 Tree of Ages
06:35 Hunter's Hall
07:33 Tree of Ages
07:43 Tree of Eternity
07:43 Tree of Eternity
08:10 Hunter's Hall
08:18 Ancient of Lore
08:20 Ancient of Lore
10:40 Ancient of Wind
10:41 Ancient of Wind
13:19 Moon Well
14:42 Moon Well
» items
| Boots of Speed | 1 | |
| Healing Salve | 1 | |
| Scroll of Town Portal | 1 | |
| Orb of Lightning | 1 | |
4 total
EGGYOLKKID (
blue | 50 APM | 3011 actions | 60:15)
7 Blademaster
3 Wind Walk
3 Critical Strike
1 Bladestorm
5 Shadow Hunter
2 Hex
3 Healing Wave
» actions
| Assign group hotkey | 97 | |
| Basic commands | 68 | |
| Build / train | 67 | |
| Enter build submenu | 31 | |
| Enter hero's abilities submenu | 13 | |
| Give item / drop item | 2 | |
| Remove unit from queue | 1 | |
| Right click | 1311 | |
| Select / deselect | 288 | |
| Select group hotkey | 949 | |
| Use ability | 184 | |
3011 total
» units
| Peon | 11 | |
| Grunt | 3 | |
| Goblin Shredder | 1 | |
| Wind Rider | 7 | |
| Goblin Sapper | 4 | |
| Troll Batrider | 1 | |
27 total
» upgrades
| Ranged Weapons | 2 | |
| Armor | 2 | |
| Reinforced Defenses | 1 | |
| Envenomed Spears | 1 | |
| Liquid Fire | 1 | |
7 total
» buildings
| Altar of Storms | 1 | |
| Orc Burrow | 7 | |
| Barracks | 1 | |
| Voodoo Lounge | 1 | |
| Stronghold | 1 | |
| Great Hall | 2 | |
| War Mill | 1 | |
| Beastiary | 3 | |
| Watch Tower | 56 | |
| Fortress | 1 | |
74 total
» build order
00:07 Altar of Storms
00:18 Orc Burrow
00:38 Barracks
01:20 Orc Burrow
01:59 Voodoo Lounge
03:09 Stronghold
03:36 Great Hall
04:27 War Mill
04:47 Orc Burrow
06:36 Beastiary
06:37 Beastiary
07:24 Watch Tower
07:25 Watch Tower
07:25 Watch Tower
07:26 Watch Tower
07:26 Watch Tower
07:57 Fortress
08:31 Watch Tower
08:43 Watch Tower
08:43 Watch Tower
08:44 Watch Tower
08:46 Watch Tower
08:48 Watch Tower
08:48 Watch Tower
10:56 Orc Burrow
10:56 Orc Burrow
11:26 Beastiary
11:29 Orc Burrow
11:36 Watch Tower
11:38 Watch Tower
12:33 Watch Tower
12:34 Watch Tower
12:35 Watch Tower
12:35 Watch Tower
15:57 Watch Tower
15:57 Watch Tower
15:59 Watch Tower
16:00 Watch Tower
16:01 Watch Tower
16:02 Watch Tower
17:13 Watch Tower
17:13 Watch Tower
17:13 Watch Tower
17:15 Watch Tower
17:15 Watch Tower
17:15 Watch Tower
17:16 Watch Tower
17:56 Orc Burrow
18:35 Watch Tower
18:35 Watch Tower
19:39 Watch Tower
19:39 Watch Tower
19:40 Watch Tower
19:43 Watch Tower
19:44 Watch Tower
20:25 Watch Tower
20:25 Watch Tower
20:26 Watch Tower
20:26 Watch Tower
20:27 Watch Tower
20:27 Watch Tower
21:08 Watch Tower
21:09 Watch Tower
21:09 Watch Tower
22:29 Watch Tower
22:29 Watch Tower
22:29 Watch Tower
23:40 Watch Tower
23:41 Watch Tower
23:41 Watch Tower
24:09 Watch Tower
24:09 Watch Tower
24:09 Watch Tower
29:08 Great Hall
» items
| Healing Salve | 5 | |
| Potion of Mana | 2 | |
| Orb of Lightning | 1 | |
| Potion of Lesser Invulnerability | 2 | |
| Scroll of Healing | 1 | |
| Scroll of Town Portal | 3 | |
| Boots of Speed | 1 | |
| Staff of Teleportation | 1 | |
16 total

»
digao6969 (
orange | 28 APM | 769 actions | 27:12)
3 Demon Hunter
2 Immolation
1 Mana Burn
» actions
| Assign group hotkey | 19 | |
| Basic commands | 14 | |
| Build / train | 54 | |
| ESC pressed | 1 | |
| Enter build submenu | 18 | |
| Enter hero's abilities submenu | 3 | |
| Remove unit from queue | 1 | |
| Right click | 257 | |
| Select / deselect | 247 | |
| Select group hotkey | 112 | |
| Use ability | 43 | |
769 total
» units
| Wisp | 17 | |
| Archer | 6 | |
| Huntress | 8 | |
| Dryad | 4 | |
35 total
» upgrades
| Strength of the Moon | 2 | |
| Moon Armor | 2 | |
| Ultravision | 1 | |
| Sentinel | 1 | |
| Upgrade Moon Glaive | 1 | |
7 total
» buildings
| Altar of Elders | 2 | |
| Ancient of War | 2 | |
| Moon Well | 8 | |
| Hunter's Hall | 1 | |
| Tree of Ages | 1 | |
| Ancient of Wonders | 1 | |
| Tree of Life | 2 | |
| Tree of Eternity | 1 | |
18 total
» build order
00:22 Altar of Elders
00:38 Ancient of War
00:51 Moon Well
01:48 Moon Well
02:18 Ancient of War
02:59 Hunter's Hall
03:44 Moon Well
04:06 Moon Well
07:47 Tree of Ages
08:22 Ancient of Wonders
08:55 Moon Well
09:27 Tree of Life
12:14 Tree of Eternity
14:51 Tree of Life
17:19 Altar of Elders
17:25 Moon Well
17:29 Moon Well
25:26 Moon Well
» items
| Scroll of Town Portal | 3 | |
| Moonstone | 1 | |
| Scroll of Speed | 1 | |
5 total
Chat log
(01:05 / Allies) dwevans427: rush?
(01:14 / Allies) digao6969: y
(01:14 / Allies) EGGYOLKKID: cc
(01:21 / Allies) wertlk: if all join it
(01:25 / Allies) dwevans427: ok i dont like rushin with orcs anyway
(01:27 / Allies) dwevans427: no rush
(01:29 / Allies) EGGYOLKKID: cc
(01:32 / Allies) wertlk: but nn a 2 player rush^^
(01:45 / Allies) wertlk: so noß whyß
(01:48 / Allies) wertlk: #
(01:52 / Allies) wertlk: no?
(01:55 / Allies) wertlk: why?
(01:59 / Allies) dwevans427: i'll send bm down
(02:04 / Allies) dwevans427: and bother them
(02:06 / Allies) EGGYOLKKID: hit
(02:09 / Allies) dwevans427: ok
(02:17 / Allies) wertlk: ok just ahras
(02:24 / Allies) dwevans427: goin wyverns or wind riders whtaever they're called now
(03:44 / Allies) EGGYOLKKID: hit teal oj
(03:45 / Allies) EGGYOLKKID: u spic
(05:26 / Allies) dwevans427: nice yellow
(05:56 / Allies) digao6969: use gold noob
(06:04 / Allies) dwevans427: i will
(06:06 / Allies) dwevans427: massin air
(06:41 / Allies) digao6969: fuck team noob goooooooooooo
(07:34 / Allies) digao6969: goos team noob
(07:37 / All) Tank_Boy: you're garbage dawg
(07:42 / Allies) digao6969: look noob
(07:46 / All) EGGYOLKKID: i tell him to quit hitting u
(07:48 / All) EGGYOLKKID: he doesnt listne
(07:56 / Allies) digao6969: noob lvl 1 is fuck
(09:00 / Allies) dwevans427: anyone wanna mess with teal
(09:04 / Allies) dwevans427: i'm headed back to bother him some more
(09:09 / Allies) EGGYOLKKID: yes
(09:11 / Allies) EGGYOLKKID: lets hit teal
(10:38 / Allies) dwevans427: brt
(10:47 / All) Tank_Boy: retard is back
(11:03 / All) Tank_Boy: yes focus my am lol
(11:34 / Allies) digao6969: team noob no help
(11:48 / Allies) digao6969: 3 k gold
(11:53 / Allies) dwevans427: i'll be ready in a few
(11:55 / Allies) digao6969: unistall gam pls
(11:55 / Allies) dwevans427: we can all strike
(11:58 / Allies) dwevans427: lol
(12:03 / Allies) digao6969: 3 k
(12:05 / Allies) digao6969: noooooooooooooooooooooooooooooooob
(12:10 / Allies) dwevans427: maybe he'll pull it off in end
(12:24 / Allies) digao6969: gold me bastard
(12:28 / Allies) dwevans427: anyone got lumber
(12:39 / All) Tank_Boy: no expansion for ya pal
(12:41 / Allies) dwevans427: lumber
(12:42 / Allies) digao6969: noob have only hero omg
(13:00 / Allies) digao6969: noooooooooooooooooooooooooooooooooooooob
(13:04 / Allies) digao6969: gold me bastard
(13:13 / Allies) wertlk: LEAVE ORANGE
(13:25 / Allies) digao6969: you have only hero
(13:28 / Allies) digao6969: unistall
(13:30 / Allies) dwevans427: yall quit bickering and just play
(13:32 / Allies) dwevans427: jeez
(13:48 / Allies) dwevans427: th
(13:49 / Allies) dwevans427: thx
(13:52 / Allies) dwevans427: i'm hitting teal
(13:54 / Allies) dwevans427: anyone coming?
(14:20 / Allies) dwevans427: oms
(15:48 / Allies) wertlk: AA ONLY
(16:08 / Allies) digao6969: tp alll
(16:30 / Allies) digao6969: gg team noob
(17:08 / Allies) digao6969: bastrdas noob help
(18:59 / Allies) digao6969: 4 k gold
(19:03 / Allies) digao6969: very noob
(19:19 / Allies) dwevans427: lol
(19:20 / Allies) dwevans427: blue
(19:47 / Allies) dwevans427: all fall back to blue
(20:19 / Allies) digao6969: atack noob
(20:32 / Allies) dwevans427: the final attack on blue should be fun to watch at least
(22:08 / Allies) digao6969: good job blue win only noob
(22:23 / All) digao6969: pls kill blue
(22:32 / All) digao6969: he have only tower
(22:35 / All) digao6969: is noob
(22:44 / All) Tank_Boy: You shouldn't be calling anyone noob
(22:53 / All) dwevans427: Noobs
(23:04 / All) digao6969: blue is terrible
(23:11 / All) Tank_Boy: You're one of the worst ever
(23:12 / All) dwevans427: blue actually kicks ass
(23:35 / All) dwevans427: orange is just a dumbass
(24:03 / All) digao6969: bye blue noob
(24:13 / All) Tank_Boy: lol
(24:16 / All) Tank_Boy: orange is great!
(24:20 / All) EGGYOLKKID: hes been tking me with yellow lawl
(24:50 / All) digao6969: tower no win game noob lvl 1
(24:53 / All) dwevans427: red fails.
(25:52 / All) digao6969: he no have mine
(25:59 / All) digao6969: only base
(26:47 / All) dwevans427: rofl
(26:53 / All) dwevans427: you guys are fuckin stupid
(27:02 / All) EGGYOLKKID: true true
(27:27 / All) dwevans427: who was bombing pink
(28:09 / All) EGGYOLKKID: who here is gonna see taken 3
(28:12 / All) EGGYOLKKID: liam neeson #1
(28:30 / All) dwevans427: taken 3 seriously?
(28:44 / All) dwevans427: yall just leave ya got nothin
(29:04 / All) Tank_Boy: lumber/
(29:33 / Allies) dwevans427: share control
(29:39 / Allies) EGGYOLKKID: for?
(29:44 / Allies) dwevans427: take out expans
(33:49 / All) masterofsex: why do people do this on bnet...lol so stupid
(33:59 / All) masterofsex: i won anyways
(34:02 / All) EGGYOLKKID: 4v4 is survival of fitttest
(35:53 / All) EGGYOLKKID: taken 1 is amazing
(35:57 / All) EGGYOLKKID: liam neeson is a beast
(36:50 / All) EGGYOLKKID: oj was a serious spic this game
(37:03 / All) Tank_Boy: Total retard
(37:05 / All) EGGYOLKKID: all he did wsa say noob and ping, and he tried to tk me with yellows units
(37:28 / All) Tank_Boy: He kept ssending waves to my base
(37:38 / All) Tank_Boy: Only time it was worrisome was when I had low hp units
(37:52 / All) EGGYOLKKID: he should have went after ur shredder
(38:00 / All) Tank_Boy: I ran it to pink's
(38:15 / All) 4got10: no he didnt you had him
(38:21 / All) 4got10: i didnt do shit
(38:27 / All) EGGYOLKKID: wut
(38:28 / All) Tank_Boy: I ran my shreddar to your base
(38:32 / All) 4got10: oh
(38:36 / All) Tank_Boy: He was chasing it for a little bit
(38:39 / All) Tank_Boy: Almost killed it
(38:46 / All) EGGYOLKKID: wuts "4 got 10" stand off
(39:30 / All) EGGYOLKKID: pink
(39:32 / All) 4got10: so i am assuming purp and you are whispering shit back an forth
(39:33 / All) 4got10: ?
(39:43 / All) 4got10: what
(39:45 / All) 4got10: ?
(39:49 / All) EGGYOLKKID: may i propose a question to you
(39:50 / All) Tank_Boy: How did you know? Are you a secret agent man?
(39:55 / All) 4got10: shot
(39:58 / All) EGGYOLKKID: would you be willing to leave wc3/ur computer on all night
(39:59 / All) 4got10: shoot
(40:07 / All) 4got10: sure
(40:08 / All) 4got10: why
(40:18 / All) EGGYOLKKID: cuz you, my friend, will be in a mexican standoff
(40:27 / All) 4got10: okay
(40:32 / All) 4got10: im down
(40:35 / All) EGGYOLKKID: green u down too?
(40:42 / All) 4got10: i was wondering what was going on
(40:48 / All) Tank_Boy: My base looks pretty scary iwth all the towers
(40:54 / All) 4got10: yea
(41:00 / All) 4got10: its pretty sweet set up
(41:24 / All) 4got10: see if you and blue where to go at it
(41:29 / All) 4got10: all purp needs is hawks
(41:30 / All) EGGYOLKKID: a camera man knocked out his front teeth
(41:36 / All) Tank_Boy: 33 towers
(41:45 / All) Tank_Boy: At my mains
(41:47 / All) 4got10: what you counted em all
(41:51 / All) Tank_Boy: Yeh
(41:52 / All) EGGYOLKKID: i already knw purp is better than me im too lazy to do anything other than right click
(41:56 / All) 4got10: lol
(41:57 / All) EGGYOLKKID: and fondle myself
(43:16 / All) EGGYOLKKID: let me see wut towers u got
(43:18 / All) 4got10: lol
(44:11 / All) EGGYOLKKID: pink u know anything abou routers
(44:16 / All) EGGYOLKKID: gonna get an internet with new router
(44:51 / All) 4got10: oh wow
(45:10 / All) EGGYOLKKID: i swear to god
(45:18 / All) EGGYOLKKID: ive been facing an unbelievable number of fiend worm users
(45:52 / All) 4got10: this is sad actually
(46:08 / All) 4got10: you know if i catch you or blue on my team your fucked right
(46:13 / All) 4got10: so the feelings mutuel
(46:16 / All) Tank_Boy: You won't know it
(46:17 / All) 4got10: yes
(46:18 / All) EGGYOLKKID: it is 2015 mang
(46:25 / All) EGGYOLKKID: just tip ur hat to us
(46:29 / All) Tank_Boy: We'll get you again and you won't even know it
(46:35 / All) 4got10: im sure
(46:44 / All) Tank_Boy: Well we smurf a lot
(47:00 / All) 4got10: lol
(47:06 / All) 4got10: you where shit in the begining
(47:16 / All) Tank_Boy: How so?
(47:21 / All) Tank_Boy: Because I took "your" expansion?
(47:24 / All) 4got10: you had noithing
(47:26 / All) 4got10: nothing
(47:30 / All) 4got10: no
(47:31 / All) Tank_Boy: I had 4 footies
(47:33 / All) Tank_Boy: That's plenty
(47:37 / All) 4got10: that was just stupid period
(47:40 / All) 4got10: not to mention
(47:42 / All) Tank_Boy: No it's not
(47:45 / All) 4got10: i helped ward off oj
(47:47 / All) Tank_Boy: That's a better expansion
(47:49 / All) 4got10: your not a smurf
(47:50 / All) Tank_Boy: Not contested
(47:51 / All) EGGYOLKKID: oj was harassing him all game
(47:52 / All) 4got10: keep wishing tho
(48:57 / All) Tank_Boy: smurf: A (usually) experienced gamer posing as a newbie under an alternate name.
(49:10 / All) 4got10: oh shit thats what that means
(49:15 / All) Tank_Boy: Yes
(49:17 / All) EGGYOLKKID: pink tell mewhat 4 got 10 means
(49:29 / All) 4got10: whatev
(50:01 / All) Tank_Boy: I beat back orange that had dh and like 10+ archers with 4 footies lel
(50:13 / All) Tank_Boy: Surrounded his dh too
(50:21 / All) Tank_Boy: He was terrible though
(50:23 / All) 4got10: i watched
(50:28 / All) EGGYOLKKID: and pink gave u no credit
(50:36 / All) Tank_Boy: Pink's a bitter jerk
(50:41 / All) 4got10: whatev
(50:46 / All) 4got10: i did too
(51:14 / All) EGGYOLKKID: standoff basically complete my side
(51:29 / All) 4got10: dow at
(51:42 / All) Tank_Boy: Pink is running from the law
(51:43 / All) 4got10: most surely a smurf
(51:46 / All) 4got10: lmfao
(51:50 / All) EGGYOLKKID: aka kodos_forsaken
(51:57 / All) Tank_Boy: MawMaw is not the law
(51:58 / All) Tank_Boy: I AM THE LAWW
(52:04 / All) 4got10: lol
(52:16 / All) 4got10: smurfs yea right
(52:21 / All) 4got10: you are garbage
(52:26 / All) 4got10: wait till no ones looking
(52:28 / All) 4got10: lol
(52:32 / All) 4got10: tell someone
(52:35 / All) Tank_Boy: You're incoherent
(52:37 / All) 4got10: give them the chance
(52:41 / All) 4got10: your a noob
(52:46 / All) 4got10: any one can mass towers
(52:48 / All) 4got10: wi
(52:54 / All) Tank_Boy: Not as prettily as me
(52:58 / All) 4got10: lol
(53:31 / All) 4got10: lol your both garbage worthless and purp your a joke to call yourself a smurf
(53:33 / All) 4got10: lmfao
(53:47 / All) Tank_Boy: I jus told you what it means
(53:51 / All) Tank_Boy: What do you think it means
(53:55 / All) 4got10: lol your notgood
(53:59 / All) 4got10: so your not a smurf
(54:01 / All) 4got10: period
(54:03 / All) 4got10: dumbass
(54:09 / All) 4got10: get it striaght
(54:12 / All) Tank_Boy: I'm pretty dang good
(54:16 / All) 4got10: lol
(54:19 / All) 4got10: Yea
(54:30 / All) Tank_Boy: My opinion counts for lots
(54:32 / All) 4got10: at waitingh then attking your team when they least expect it
(54:38 / All) Tank_Boy: And in my opinion I'm one of the best ever to play this game
(54:39 / All) 4got10: thats hell'a pro bro
(54:40 / All) Tank_Boy: if not the best
(54:40 / All) 4got10: lmfao
(54:46 / All) 4got10: lol
(54:51 / All) 4got10: your garbage
(54:54 / All) Tank_Boy: Blue thinks you should lose
(55:02 / All) Tank_Boy: Instead of a stand off
(55:06 / All) Tank_Boy: I guess that's a good idea
(55:13 / All) 4got10: you give the meaning of tarda a new name
(55:17 / All) EGGYOLKKID: i just don tknow if green will stay
(55:22 / All) EGGYOLKKID: green u here
(55:54 / All) 4got10: so im assuming your thing 1 and blues thing2 ?
(55:57 / All) 4got10: lol
(56:06 / All) 4got10: you hold eachotehrs hands?
(56:10 / All) 4got10: lol
(56:12 / All) EGGYOLKKID: if only
(56:22 / All) 4got10: so which one bends over and which one takes?
(56:27 / All) EGGYOLKKID: i like to give purple complements
(56:29 / All) Tank_Boy: We don't go that far
(56:33 / All) EGGYOLKKID: i tell him he has fancy slippers
(56:35 / All) 4got10: lol
(56:39 / All) 4got10: i bet you go realy fer
(56:42 / All) Tank_Boy: I pretend he's Emma Watson
(57:31 / All) 4got10: the orignal butt buddies
(57:32 / All) 4got10: lol
(58:06 / All) 4got10: you guys are faggits and need to play more opften, maybe then you could call yourself a smurf, but until then dont give it a ba
(58:13 / All) Tank_Boy: lol
(58:21 / All) Tank_Boy: I just told you what a smurf is pal
(58:32 / All) EGGYOLKKID: what is with his fasctionation with smurfs
(58:38 / All) 4got10: not your pal bitch and your clearly not one
(58:44 / All) Tank_Boy: Whatever buddy
(58:44 / All) 4got10: but thankx for the def
(58:47 / All) 4got10: lol
(58:50 / All) 4got10: your a joke
(58:56 / All) 4got10: nect time tell soemone your gonna tk
(59:01 / All) Tank_Boy: What's your idea of a video game smurf, chum?
(59:06 / All) 4got10: then try being a smurf
(59:07 / All) 4got10: lol
(59:08 / All) Tank_Boy: What's the fun in that
(59:17 / All) 4got10: lol
(59:18 / All) Tank_Boy: It's better when you least expect it
(59:22 / All) 4got10: exactly you cant do it
(59:26 / All) 4got10: your dirt bro
(59:35 / All) EGGYOLKKID: you sound like quite the champion, pink
(59:40 / All) EGGYOLKKID: lets meet irl
(59:43 / All) 4got10: and a smurf is a good player not a [erson tahts noob and towers then waits to tk
(59:43 / All) Tank_Boy: You're a wyrmbot pal
(59:49 / All) EGGYOLKKID: or tower
(59:54 / All) EGGYOLKKID: just give green the win?
(59:57 / All) EGGYOLKKID: hes new acct
(59:59 / All) Tank_Boy: Yeh
(60:05 / All) Tank_Boy: YOUR LUCKY DAY GREEN!
(60:06 / All) EGGYOLKKID: breal